AoeStats
← For The Horde

Four Lakes

508409621Analyzed
1v1 RM · 8d ago on Sep 22, 2026· 56m 1s· 2 players
Game mode
Random Map
Map size
Tiny (2 player)
Population
200
Speed
Normal
Resources
Standard
Victory
Conquest
Starting age
Dark Age
Ending age
Imperial Age
RankedLock teamsTeams togetherTeam positionsShared explorationLock speedFull tech treeHidden civsTurbo modeCheats
Victory
Defeat
🇮🇪 Khitans · Ireland
1653
+17
🇬🇷 Vikings · Greece
1667
-17
TheMangledBadger
10:52 Feudal Age
9:08 Loom
11:58 Double-Bit Axe
13:22 Domestication
14:37 Forging
16:54 Fishing Lines
21:26 Castle Age
20:53 Gold Mining
21:10 Scale Barding Armor
22:32 Medium Warships
24:19 Wheelbarrow
23:56 Bow Saw
24:55 Chain Barding Armor
25:21 Husbandry
27:42 Iron Casting
28:47 Stone Mining
34:19 Hand Cart
35:23 Gillnets
41:26 Imperial Age
39:21 Fletching
43:07 Conscription
42:22 Elite Steppe Lancer
49:54 Plate Barding Armor
50:41 Masonry
53:50 Ordo Cavalry
57:38 Two-Man Saw
For The Horde
5:08 Loom
9:55 Feudal Age
12:10 Double-Bit Axe
19:04 Horse Collar
22:11 Castle Age
20:28 Gold Mining
21:56 Fletching
22:17 Crossbowman
22:54 Bodkin Arrow
23:22 Medium Warships
23:50 Medium Warships
24:01 Medium Warships
26:26 Bow Saw
28:05 Ballistics
28:18 Fishing Lines
29:47 Town Watch
30:03 Stone Mining
33:14 Gillnets
33:21 Horse Collar
40:16 Imperial Age
39:45 Gold Shaft Mining
40:49 Heavy Plow
41:08 Bracer
42:10 Chemistry
45:25 Arbalester
47:06 Crop Rotation
47:34 Masonry
50:24 Two-Man Saw
53:44 Padded Archer Armor
53:54 Chieftains
53:30 Pikeman
54:10 Squires
54:12 Scale Mail Armor
Connection lost

Rejoining the realm…

Still unreachable

The connection could not be restored.

Session expired

The server has moved on; the page needs a fresh start.